 Dungeon Crawl Stone Soup version 0.28-a0-401-ge240ad9e29 (webtiles) character file.

Game seed: 10516739479508789410

77 heikuro the Skirmisher (level 4, -1/37 HPs)
             Began as a Formicid Abyssal Knight on Sept 4, 2021.
             Was a Follower of Lugonu.
             Slain by Sigmund (7 damage)
             ... on level 2 of the Dungeon.
             The game lasted 00:04:43 (2239 turns).

heikuro the Skirmisher (Formicid Abyssal Knight)    Turns: 2239, Time: 00:04:43

Health: -1/37      AC:  9    Str: 18    XL:     4   Next: 60%
Magic:  6/6        EV:  7    Int: 11    God:    Lugonu [*.....]
Gold:   81         SH:  0    Dex: 10    Spells: 3/3 levels left

rFire   . . .      SeeInvis +   a - +1 falchion
rCold   . . .      Faith    .   (no shield)
rNeg    . . .      Spirit   .   f - +0 chain mail
rPois   .          Reflect  .   (helmet unavailable)
rElec   .          Harm     .   (no cloak)
rCorr   .          Rampage  .   (no gloves)
Will    .....                   (no boots)
Stlth   ..........              (no amulet)
HPRegen 0.12/turn               (no ring)
MPRegen 0.10/turn               (no ring)

@: no status effects
A: permanent stasis, dig shafts and tunnels, antennae 3, four strong arms
a: Dig, Shaft Self, Renounce Religion, Depart the Abyss


You were on level 2 of the Dungeon.
You worshipped Lugonu.
Lugonu was aware of your devotion.
You visited 1 branch of the dungeon, and saw 4 of its levels.
You visited the Abyss 1 time.

You collected 81 gold pieces.

Inventory:

Hand Weapons
 a - a +1 falchion (weapon)
Armour
 f - a +0 chain mail (worn)
Scrolls
 b - a scroll of enchant armour {unknown}
 g - a scroll of torment {unknown}
 h - a scroll of immolation {unknown}
 i - a scroll of amnesia {unknown}
 j - 2 scrolls of blinking {unknown}
 k - a scroll of magic mapping {unknown}
Potions
 c - a potion of flight {unknown}
 d - 3 potions of curing {unknown}
 e - a potion of heal wounds {unknown}
 l - a potion of lignification {unknown}


   Skills:
 + Level 3.7 Fighting
 * Level 3.1 Long Blades
 + Level 2.7 Armour
 + Level 1.6 Dodging
 + Level 2.8 Invocations


You had 3 spell levels left.
You didn't know any spells.
Your spell library was empty.

Dungeon Overview and Level Annotations

Branches:
Dungeon (4/15)
 Temple: D:4-7

Altars:

Annotations:
D:2 Sigmund


Innate Abilities, Weirdness & Mutations

You cannot be hasted, slowed, berserked, paralysed or teleported.
You can dig through walls and to a lower floor.
You have a pair of large antennae on your head. (SInv)
Your four strong arms can wield two-handed weapons with a shield.


Message History

You hit Sigmund.
Sigmund is lightly wounded.
Sigmund casts a spell at you.
You are confused.
You are too confused!
You are too confused!
You are too confused!
You're too confused to attack without stumbling around!
You're too confused to attack without stumbling around!
You're too confused to attack without stumbling around!
You closely miss Sigmund.
Sigmund is lightly wounded.
Sigmund hits you with a +0 scythe. Sigmund casts a spell at you.
You are more confused.
You're too confused to move!
Sigmund hits you but does no damage.
You bump into the rock wall.
Sigmund gestures at you while chanting.
The puff of flame hits you but does no damage.
You miss Sigmund.
Sigmund is lightly wounded.
Sigmund hits you with a +0 scythe!
You closely miss Sigmund.
Sigmund is lightly wounded.
Sigmund barely misses you.
You're too confused to attack without stumbling around!
You hit Sigmund.
Sigmund is moderately wounded.
You're too confused to move!
You feel less confused. Sigmund hits you with a +0 scythe!
* * * LOW HITPOINT WARNING * * *
You closely miss Sigmund.
Sigmund is moderately wounded.
Sigmund casts a spell at you.
The magic dart hits you but does no damage.
You closely miss Sigmund.
Sigmund is moderately wounded.
Sigmund hits you with a +0 scythe!
You die...

#....#........#
####.#####
#.##.......^..#
#........##
#.########.####
#.######..## #.########.#
# ##... ######.##........
.......##
.......##.#.....##
.##.##.#.
.####..........## # #.
#...
.####.###.#....@####.#.#.
.... ...<#.#
#.####..@........ ..##.#
.##.#.# #.####....†..##.
. ...# ......#
#.......###### #...
###.### ######...# #.## #
#..[# #...# ... ..
###...#### #...# # .....#
.........# #...# #.
...#.# .#....##.#
#...####### .##.##..
.#.#..##.#####.........#
.......


You could see Sigmund.

Vanquished Creatures
  4 adders
  A dart slug (D:1)
  A bat (D:1)
  3 endoplasms
  2 giant cockroaches
  4 goblins
  5 hobgoblins
  3 quokkas
  5 ball pythons
  2 frilled lizards
  3 kobolds
  2 rats
35 creatures vanquished.

Vanquished Creatures (others)
  A demonic plant (D:1)
  2 fungi (D:1)
  A plant (D:1)
4 creatures vanquished.

Grand Total: 39 creatures vanquished

Notes
Turn   | Place    | Note
-------+----------+-------------------------------------------
     0 | Abyss:1  | heikuro the Formicid Abyssal Knight began the quest for the
                  | Orb.
     0 | Abyss:1  | Reached XP level 1. HP: 18/18 MP: 2/2
    33 | Abyss:1  | Noticed a chaos spawn
    37 | D:1      | Escaped the Abyss
   355 | D:1      | Found a faded altar of an unknown god.
   361 | D:1      | Reached skill level 1 in Dodging
   645 | D:1      | Reached XP level 2. HP: 24/24 MP: 3/3
   760 | D:1      | You fall into a shaft and drop 1 floor!
   760 | D:2      | Noticed Sigmund
   766 | D:2      | You fall into a shaft and drop 2 floors!
   776 | D:4      | Reached * piety under Lugonu
   782 | D:4      | Reached XP level 3. HP: 12/29 MP: 4/4
  1644 | D:2      | Reached XP level 4. HP: 21/36 MP: 6/6
  2239 | D:2      | Slain by Sigmund

Illustrated notes

Levels and vault maps discovered:
D:1:      minmay_arrival_loop, layout_rooms, shapermc_ecumenical_altar_gd,
          minmay_misc_feat_more_columns, kennysheep_doodads, hex_medium
D:2:      layout_loops_cross, hangedman_decor_clover_reticule, uniq_sigmund
D:3:      layout_basic, grunt_temple_overflow_gold_and_silver,
          vehumet_altar_wand_db
D:4:      due_chaos_kobolds, layout_basic, mainiacjoe_overflow_small_starburst,
          minmay_mini_ossuary

Skill      XL: |  1  2  3  4 |
---------------+-------------+-----
Dodging        | 1 |  1.6
Long Blades    | 3 |  3.1
Fighting       | |  3.7
Armour         | |  2.7
Invocations    | |  2.8

Action                   |  1- 3 |  4- 6 || total
-------------------------+-------+-------++-------
Melee: Falchion          |    90 |    37 ||   127
Invok: Depart the Abyss  |     1 |       ||     1
 Abil: Dig               |     1 |       ||     1
       Shaft Self        |     1 |       ||     1
Armor: Ring mail         |     3 |       ||     3
       Leather armour    |     2 |       ||     2
       Chain mail        |    42 |    20 ||    62
Dodge: Dodged            |    34 |    17 ||    51

Table legend: (Time is in decaauts)
 A = Elapsed time spent in this place.
 B = Non-inter-level travel time spent in this place.
 C = Inter-level travel time spent in this place.
 D = Time resting spent in this place.
 E = Time spent auto-exploring this place.
 F = Levels seen in this place.
 G = Mean time per level.
                   A        B        C        D        E       F      G
               +--------+--------+--------+--------+--------+-----+--------+
         Total |   2260 |   2155 |    105 |    825 |    512 |   5 |  452.0 |
       Dungeon |   2223 |   2118 |    105 |    825 |    512 |   4 |  555.8 |
         Abyss |     37 |     37 |      0 |      0 |      0 |   1 |   37.0 |
               +--------+--------+--------+--------+--------+-----+--------+

Top non-repeatable levels by time:
     D:1: 942 daAuts
     D:2: 916 daAuts
     D:4: 287 daAuts
     D:3: 76 daAuts
 Abyss:1: 37 daAuts
